 Dungeon Crawl Stone Soup version 0.30-a0-4-ga7cffc901d (webtiles) character file.

Game seed: 5705055310265500844

66 SensoryNuts the Scratcher (level 3, -6/17 HPs)
             Began as a Felid Fighter on Aug 20, 2022.
             Mangled by Crazy Yiuf
             ... wielding a +4 quarterstaff of chaos
              (8 damage)
             ... on level 2 of the Dungeon.
             The game lasted 00:02:09 (2483 turns).

SensoryNuts the Scratcher (Felid Fighter)           Turns: 2483, Time: 00:02:09

Health: -6/17      AC:  1    Str: 12    XL:     3   Next: 96%
Magic:  4/4        EV: 19    Int:  9    God:
Gold:   49         SH:  0    Dex: 17    Spells: 2/2 levels left
                                        Lives:  0   Deaths: 0

rFire   . . .      SeeInvis +      - Unarmed
rCold   . . .      Faith    .    (shield unavailable)
rNeg    . . .      Spirit   .    (body armour unavailable)
rPois   .          Reflect  .    (helmet unavailable)
rElec   .          Harm     .    (cloak unavailable)
rCorr   .          Rampage  .    (gloves unavailable)
Will    .....                    (boots unavailable)
Stlth   ++........               (no amulet)
HPRegen 0.05/turn                (no ring)
MPRegen 0.09/turn                (no ring)

@: mighty, quick
A: very small, claws 1, fangs 3, see invisible, speed 1, shaggy fur 1, stealthy
paws, no weapons or thrown items, no armour, multi-lived
a: no special abilities


You were on level 2 of the Dungeon.
You visited 1 branch of the dungeon, and saw 2 of its levels.

You collected 49 gold pieces.

Inventory:

Jewellery
 e - a ring of positive energy
Scrolls
 c - 2 scrolls of teleportation
 g - a scroll of magic mapping
Potions
 h - 2 potions of ambrosia


   Skills:
 + Level 3.2 Fighting
 + Level 4.4 Dodging
 + Level 1.7 Stealth
 + Level 5.0 Unarmed Combat


You had 2 spell levels left.
You didn't know any spells.
Your spell library contained the following spells:

 Spells                   Type           Power      Damage    Failure   Level
 Freeze                   Ice            0%         1d3       38%         1
 Static Discharge         Conj/Air       0%         3-3/arc   52%         2
 Frozen Ramparts          Ice            0%         1d1       77%         3
 Dispel Undead            Necr           0%         3d6       99%         4
 Hailstorm                Conj/Ice       0%         3d3       99%         4
 Sticky Flame             Conj/Fire      0%         2d3       99%         4


Dungeon Overview and Level Annotations

Branches:
Dungeon (2/15)

Altars:

Annotations:
D:2 Crazy Yiuf


Innate Abilities, Weirdness & Mutations

You have sharp claws.
You have razor-sharp teeth.
You have supernaturally acute eyesight. (SInv)
You cover ground quickly. (Speed+)
You are covered in fur. (AC +1)
Your paws help you pounce on unaware monsters.
You are incapable of wielding weapons or throwing items.
You cannot wear armour.
You gain extra lives every three experience levels.


Message History

a +0 dagger; 3 stones; a kobold skeleton
h - 2 potions of ambrosia You now have 49 gold pieces (gained 8).
Things that are here:
a +0 dagger; 3 stones; a kobold skeleton Key pressed, stopping explore.
No reachable target in view!
No reachable target in view!
No reachable target in view!
No reachable target in view!
No reachable target in view!
No reachable target in view!
No reachable target in view!
No reachable target in view!
No reachable target in view!
No reachable target in view!
No reachable target in view!
No reachable target in view!
No reachable target in view!
No reachable target in view!
Okay, then.
It was a potion of cancellation.
You feel magically purged.
Crazy Yiuf screams, "Island alas mumblescurry!"
As you read the scroll labelled TET MIBOROK, it crumbles to dust.
The air around you briefly surges with heat, but it dissipates.
It was a scroll of immolation.
As you read the scroll labelled MECLYU PEUNIYB, it crumbles to dust.
You assume a fearsome visage.
Nothing appears to happen.
It was a scroll of fear.
You feel very mighty all of a sudden.
You open the door. You completely miss Crazy Yiuf.
Crazy Yiuf hits you with a +4 quarterstaff of chaos!
Ouch! That really hurt!
* * * LOW HITPOINT WARNING * * *
You feel mightier all of a sudden.
You scratch Crazy Yiuf.
Crazy Yiuf is moderately wounded.
Crazy Yiuf hits you with a +4 quarterstaff of chaos!
You die...

####.#####..........†#......#
####.#########.##.##.#...##.#
#.......#.......#.##.#.<.##.#
#.##.################....##(#
#.##.# ##..###.# #.##.#
#...###.# #.#### ###
♣♣###).....# #.#### #)..#♣♣
♣♣....####### #....#
#...g@♣♣♣♣...........# ######
#...#♣..♣......##..... ###
♣♣♣.♣.....##.##.#
♣♣♣♣♣##.##..#.# #.###.#.#
#.......# #####.### #.# ##.##


You could see Crazy Yiuf.

Vanquished Creatures
  3 adders (D:2)
  A dart slug (D:2)
  2 endoplasms
  A giant cockroach (D:1)
  3 hobgoblins (D:2)
  4 kobolds (D:2)
  2 quokkas (D:1)
  7 ball pythons
  7 bats
  2 frilled lizards
  4 goblins (D:1)
  4 rats
40 creatures vanquished.

Notes
Turn   | Place    | Note
-------+----------+-------------------------------------------
     0 | D:1      | SensoryNuts the Felid Fighter began the quest for the Orb.
     0 | D:1      | Reached XP level 1. HP: 10/10 MP: 2/2
   583 | D:1      | Reached skill level 1 in Stealth
   585 | D:1      | Reached XP level 2. HP: 14/14 MP: 3/3
  1512 | D:2      | Reached XP level 3. HP: 10/17 MP: 4/4
  1993 | D:2      | Found a faded altar of an unknown god.
  2069 | D:2      | Reached skill level 5 in Unarmed Combat
  2328 | D:2      | Found a runed translucent door.
  2329 | D:2      | Noticed Crazy Yiuf
  2483 | D:2      | Mangled by Crazy Yiuf

Illustrated notes

Levels and vault maps discovered:
D:1:      beargit_arrival_diablo_church, layout_basic, minmay_misc_feat_chi
D:2:      layout_loops_cross, hellmonk_ecumenical_altar_crossroads,
          uniq_crazy_yiuf_cottage

Skill      XL: |  1  2  3 |
---------------+----------+-----
Stealth        | 1 |  1.7
Unarmed Combat | 5 |  5.0
Fighting       | |  3.2
Dodging        | |  4.4

Action                   || total
-------------------------++-------
Melee: Unarmed           ||    88
       Bite              ||     6
       Punch             ||     1
  Use: Scroll            ||     7
       Potion            ||     5
 Stab: Sleeping          ||     7
Armor: Skin              ||     6
Dodge: Dodged            ||    76

Table legend: (Time is in decaauts)
 A = Elapsed time spent in this place.
 B = Non-inter-level travel time spent in this place.
 C = Inter-level travel time spent in this place.
 D = Time resting spent in this place.
 E = Time spent auto-exploring this place.
 F = Levels seen in this place.
 G = Mean time per level.
                   A        B        C        D        E       F      G
               +--------+--------+--------+--------+--------+-----+--------+
         Total |   2192 |   2176 |     16 |    401 |   1543 |   2 | 1096.0 |
       Dungeon |   2192 |   2176 |     16 |    401 |   1543 |   2 | 1096.0 |
               +--------+--------+--------+--------+--------+-----+--------+

Top non-repeatable levels by time:
     D:1: 1248 daAuts
     D:2: 943 daAuts
